 Dungeon Crawl Stone Soup version 0.20-a0-268-gb6bde61 (webtiles) character file.

296574 Lochraine the Brawler (level 20, -14/181 HPs)
             Began as a Troll Wanderer on Dec 6, 2016.
             Was a High Priest of Okawaru.
             Demolished by a titanic slime creature (89 damage)
             ... on level 5 of the Pits of Slime on Dec 7, 2016.
             The game lasted 03:06:15 (38731 turns).

Lochraine the Brawler (Troll Wanderer)             Turns: 38731, Time: 03:06:16

Health: -14/181    AC: 23    Str: 19    XL:     20   Next: 8%
Magic:  19/20      EV: 23    Int: 11    God:    Okawaru [*****.]
Gold:   1229       SH: 18    Dex: 16    Spells: 21/23 levels left

rFire  + . .     SeeInvis .       - Unarmed
rCold  + + .     Gourm    +     J - quicksilver dragon scales of Ogeoj {rElec rC+ MR+ rCorr}
rNeg   . . .     Faith    .     E - +5 shield {reflect}
rPois  .         Spirit   .     T - +2 hat
rElec  +         Reflect  +     w - +1 cloak of Starlight {rElec rC+ EV+4 Stlth--}
rCorr  +         Harm     .     (gloves unavailable)
MR     +++..                    (boots unavailable)
Stlth  ++........               d - amulet of regeneration
                                B - ring "Xexitt" {rC+ Stlth+}
                                H - ring of fire

@: about to teleport, heroism, very slightly contaminated, hasted, very quick
A: unfitting armour, claws 3, hooves 1, thin skeletal structure 1, fast
metabolism 3, frail 1, gourmand, low mp 2, magic resistance 1, regeneration 1,
shaggy fur 1, tough skin 2, weak 2, subdued magic 1
}: 2/15 runes: decaying, serpentine
a: Heroism, Finesse, Renounce Religion


You were on level 5 of the Pits of Slime.
You worshipped Okawaru.
Okawaru was extremely pleased with you.
You were not hungry.

You visited 6 branches of the dungeon, and saw 36 of its levels.
You also visited: Labyrinth, Bailey and Ice Cave.

You collected 3368 gold pieces.
You spent 2139 gold pieces at shops.

Inventory:

Hand Weapons
 b - a +0 blowgun
Missiles
 g - 21 curare-tipped needles
 j - 23 large rocks
 t - 11 needles of sleeping
 y - 6 poisoned javelins
 D - 4 needles of frenzy
 F - 3 needles of paralysis
 K - 4 steel javelins (quivered)
 S - 4 silver javelins
Armour
 e - a +2 cloak of invisibility
 w - the +1 cloak of Starlight (worn) {rElec rC+ EV+4 Stlth--}
   (You found it on level 2 of the Snake Pit)

   It affects your evasion (+4).
   It protects you from cold.
   It insulates you from electricity.
   It makes you much less stealthy.
 E - a +5 shield of reflection (worn)
 J - the quicksilver dragon scales of Ogeoj (worn) {rElec rC+ MR+ rCorr}
   (You bought it in a shop on level 2 of the Orcish Mines)

   It protects you from cold.
   It insulates you from electricity.
   It affects your resistance to hostile enchantments.
   It protects you from acid and corrosion.
 T - a +2 hat (worn)
Rods
 a - a +6 rod of ignition (12/12)
   (You found it in a labyrinth)
Jewellery
 d - an amulet of regeneration (around neck)
 B - the ring "Xexitt" (right claw) {rC+ Stlth+}
   (You found it on level 3 of the Swamp)

   [ring of protection from cold]

   It protects you from cold.
   It makes you more stealthy.
 H - a ring of fire (left claw)
 V - an uncursed ring of protection from cold
Wands
 c - a wand of iceblast (6/15)
 h - a wand of heal wounds (2/9)
 l - a wand of hasting (7/9)
 n - a wand of teleportation (2/9)
 u - a wand of digging (14/24)
 A - a wand of paralysis (13/24)
 C - a wand of acid (5/15)
 P - a wand of disintegration (15/24)
Scrolls
 i - 4 scrolls of blinking
 k - 7 scrolls of teleportation
 p - 7 scrolls of identify
 s - a scroll of recharging
 N - 8 scrolls of fog
 Q - 10 scrolls of remove curse
Potions
 m - 3 potions of berserk rage
 q - 2 potions of resistance
 r - 2 potions of cure mutation
 v - 10 potions of curing
 G - 6 potions of ambrosia
 I - a potion of invisibility
 M - a potion of cancellation
 O - 2 potions of haste
 U - 4 potions of heal wounds
 X - 6 potions of flight
 Z - 8 potions of might
Miscellaneous
 R - a box of beasts
 W - a phial of floods (inert)
Comestibles
 f - 13 bread rations
 x - 16 fruits
 L - 16 slices of pizza


   Skills:
 + Level 13.2(18.2) Fighting
   Level 1.0(6.0) Polearms
 + Level 11.3(16.3) Throwing
 + Level 12.2(17.2) Armour
 - Level 11.0(16.0) Dodging
 - Level 1.0(6.0) Stealth
 - Level 9.1(14.1) Shields
 * Level 15.8(20.8) Unarmed Combat
 - Level 2.2 Spellcasting
 - Level 2.7 Translocations
   Level 1.0 Transmutations
   Level 1.7 Earth Magic
 - Level 8.8 Invocations
 - Level 8.4 Evocations


You had 21 spell levels left.
You knew the following spells:

 Your Spells              Type           Power        Failure   Level  Hunger
a - Blink                 Tloc           N/A          17%         2    ###....


Dungeon Overview and Level Annotations

Branches:
Dungeon (15/15)            Temple (0/1) D:7            Lair (6/6) D:11
  Swamp (4/4) Lair:2        Snake (4/4) Lair:2        Slime (5/5) Lair:6
    Orc (2/2) D:11            Elf (0/3) Orc:2        Vaults (0/5) D:14
 Depths (0/5) D:15

Altars:
Ashenzari
Cheibriados
Elyvilon
Fedhas
Gozag
Kikubaaqudgha
Makhleb
Nemelex Xobeh
Okawaru
Qazlal
Ru
Trog
Xom

Shops:
D:11 *%!*(   D:12 ?   Orc:2 !*[(

Annotations:
D:2 Sigmund
Slime:5 Royal Jelly


Innate Abilities, Weirdness & Mutations

You are too large for most types of armour.
You have claws for hands.
Your metabolism is lightning-fast.
You like to eat raw meat.
Your natural rate of healing is unusually fast.
You are covered in fur. (AC +1)
You have very tough skin. (AC +2)
You have large cloven feet.
You have a somewhat thin skeletal structure. (Dex +2, Stealth)
You are frail. (-10% HP)
Your magical capacity is very low. (-20% MP)
You are resistant to hostile enchantments. (MR+)
You are very weak. (Str -4)
Your spells are a little easier to cast, but a little less powerful.


Message History

You block the Royal Jelly's attack. You block the azure jelly's attack. x2
The azure jelly barely misses you.
The azure jelly hits you but does no damage.
As you read the scroll of teleportation, it crumbles to dust.
You feel strangely unstable.
Your mature weirdbat beast hits the large slime creature!!
You block the Royal Jelly's attack. The Royal Jelly misses you.
The azure jelly hits you but does no damage.
You block the azure jelly's attack.
The azure jelly hits you but does no damage.
The azure jelly barely misses you.
Your mature weirdbat beast hits the acid blob!!
The acid corrodes your mature weirdbat beast!
Your mature weirdbat beast is burned by acid!
You scratch the Royal Jelly.
Your claws burn!
Your kick misses the Royal Jelly.
The Royal Jelly is almost dead.
The Royal Jelly shudders.
The Royal Jelly spits out another jelly.
You block the death ooze's attack. x2; The titanic slime creature hits you!!!!
You die... #..................# #..................# #..#................## #####................## ## #.................## #J #..................## #J# #...........J........# Jā‰ˆ

####.......HJ..J.....######J
###....J@JJ.J......##..#J
#...JJJJJ............ā‰ˆā‰ˆ
#......J.............J.J
##.....................J
#......................
#.#....................
####...................
##..................
#.#.................


You could see the Royal Jelly, an acid blob, 2 azure jellies, a titanic slime
creature, a large slime creature, a slime creature, 6 death oozes and a friendly
mature weirdbat beast.

Vanquished Creatures
  A Brimstone Fiend (Snake:4)
  Rupert (Lair:5)
  An Ice Fiend (IceCv)
  12 acid blobs
  Kirke (Lair:5)
  2 thorn hunters
  Gastronok (Lair:3)
  Donald (Swamp:1)
  7 nagarajas
  6 azure jellies
  An orc warlord (Bailey)
  A stone giant (Orc:2)
  A minotaur (Lab)
  A fire dragon (Lair:6)
  4 death oozes (Slime:5)
  7 great orbs of eyes
  Harold (D:12)
  2 ice dragons
  9 naga warriors
  A vault guard (D:14)
  Erica (Lair:2)
  11 alligators
  12 hydras
  A death knight (D:15)
  25 anacondas
  8 death yaks (Lair:6)
  3 centaur warriors
  15 naga sharpshooters
  4 shock serpents
  5 orc high priests (Orc:2)
  6 salamander mystics (Snake:4)
  Sonja (D:12)
  A deep troll (D:15)
  2 shambling mangroves (Swamp:4)
  2 unseen horrors
  4 sea snakes
  3 spriggan druids
  A glowing orange brain (Slime:2)
  3 wizards (D:14)
  9 swamp dragons
  12 naga ritualists
  5 lindwurms
  A wolf spider zombie (D:14)
  9 hill giants
  Pikel (D:8)
  10 orc knights
  13 ugly things
  8 salamanders
  A necromancer (D:14)
  19 mana vipers
  5 deep elf magi
  3 cyclopes
  An orc sorcerer (Orc:2)
  A manticore (D:13)
  8 shining eyes
  5 elephants (Lair:6)
  Maurice (D:13)
  2 centaur zombies
  An ice statue (IceCv)
  34 black mambas
  23 naga magi
  5 eyes of devastation
  8 guardian serpents (Snake:4)
  A torpor snail (Lair:6)
  A torpor snail (shapeshifter) (D:15)
  3 molten gargoyles (Lair:6)
  A centaur skeleton (D:15)
  3 gargoyles
  3 rime drakes
  23 spiny frogs
  7 freezing wraiths
  5 ice devils (IceCv)
  11 komodo dragons
  A harpy zombie (D:15)
  4 trolls
  4 polar bears
  8 tyrant leeches
  A two-headed ogre (D:15)
  A wolf spider simulacrum (IceCv)
  7 blink frogs
  14 hornets
  9 bog bodies
  A raiju (shapeshifter) (D:10)
  2 meliai zombies (D:14)
  76 slime creatures
  8 hippogriffs
  4 shadows
  9 spriggans
  A redback (shapeshifter) (D:15)
  5 dire elephant simulacra (IceCv)
  A wraith (D:10)
  44 yaks
  8 basilisks
  17 golden eyes
  5 hogs
  3 wyverns
  Grum (D:9)
  4 vampire mosquitoes
  2 steam dragons
  A death yak simulacrum (IceCv)
  21 humans
  3 hungry ghosts
  2 harpy simulacra (IceCv)
  10 insubstantial wisps
  7 wargs
  2 iron troll simulacra (IceCv)
  14 swamp worms
  11 water moccasins
  4 hydra simulacra (IceCv)
  3 acid dragons (D:14)
  38 nagas
  14 porcupines
  Duvessa (D:4)
  3 hell hounds (Lair:6)
  52 orc warriors
  15 swamp drakes
  7 ice beasts
  A phantom (D:7)
  A black bear (D:13)
  2 ettin simulacra (IceCv)
  3 eyes of draining
  5 sky beasts
  An alligator simulacrum (IceCv)
  9 ogres
  A necrophage (D:8)
  8 wolves
  3 centaurs
  11 crocodiles
  A big kobold (D:5)
  16 bullfrogs
  Dowan (D:4)
  4 wyvern skeletons
  6 scorpions
  5 killer bees (D:10)
  26 wights
  2 howler monkeys
  5 lava snakes (Lair:6)
  5 crimson imps
  2 bullfrog zombies
  A draconian simulacrum (IceCv)
  4 hounds
  5 jellies
  36 orc priests
  33 orc wizards
  2 bullfrog skeletons
  7 iguanas
  12 worker ants
  Ijyb (D:2)
  Natasha (twice) (D:2)
  5 troll simulacra (IceCv)
  A hound zombie (D:6)
  A hound skeleton (D:4)
  5 worker ant zombies
  15 adders
  16 gnolls
  A naga simulacrum (IceCv)
  4 ogre simulacra (IceCv)
  4 shadow imps
  3 white imps (IceCv)
  7 ufetubi (IceCv)
  3 oozes
  An adder skeleton (D:5)
  4 worms
  A dart slug (D:5)
  3 leopard geckos
  112 orcs
  6 giant cockroaches
  15 hobgoblins
  6 jackals
  12 kobolds
  A quokka (D:12)
  2 ball pythons (D:1)
  5 bats
  3 frilled lizards
  26 goblins
  A jackal zombie (D:8)
  A quokka zombie (D:9)
  6 rats
  2 briar patches (Swamp:2)
  A fungus (Lair:6)
  2 plants (Lair:5)
1356 creatures vanquished.

Vanquished Creatures (collateral kills)
  The ghost of Borgoz the Grappler, an adept TrMo of Makhleb (D:15)
  Roxanne (Swamp:2)
  A mana viper (Snake:4)
  3 oklob plants (Lair:5)
  A spiny frog (Swamp:4)
  A swamp drake (Swamp:4)
8 creatures vanquished.

Vanquished Creatures (others)
  Vashnia (Snake:2)
  An ogre mage (D:15)
  5 naga sharpshooters
  3 humans (Lair:5)
  A swamp drake (Swamp:2)
  A slave (D:8)
  An orc warrior (Orc:2)
  A necrophage (D:8)
  A scorpion (D:8)
  2 orcs
  A briar patch (Swamp:2)
  7 fungi
  2 plants
27 creatures vanquished.

Grand Total: 1391 creatures vanquished

Notes
Turn   | Place    | Note
-------+----------+-------------------------------------------
     0 | D:1      | Lochraine the Troll Wanderer began the quest for the Orb.
     0 | D:1      | Lochraine set off with: a book of Geomancy, a +0 falchion, a potion of lignification, a +0 robe, a +0 dagger, 2 bread rations
     0 | D:1      | Reached XP level 1. HP: 16/16 MP: 0/0
    91 | D:1      | Reached skill level 1 in Unarmed Combat
   104 | D:1      | Reached XP level 2. HP: 25/26 MP: 1/1
   880 | D:2      | Reached skill level 1 in Fighting
   880 | D:2      | Reached XP level 3. HP: 33/33 MP: 2/2
   886 | D:2      | Found a burning altar of Makhleb.
   886 | D:2      | Noticed Sigmund
   938 | D:2      | Noticed Natasha
   971 | D:2      | Noticed Ijyb
   989 | D:2      | Killed Ijyb
   989 | D:2      | Reached skill level 2 in Unarmed Combat
   989 | D:2      | Reached XP level 4. HP: 36/41 MP: 3/3
  1057 | D:2      | Found an iron altar of Okawaru.
  1076 | D:2      | Became a worshipper of Warmaster Okawaru
  1150 | D:2      | Found a snail-covered altar of Cheibriados.
  1199 | D:2      | Killed Natasha
  1249 | D:2      | Noticed Natasha
  1255 | D:2      | Killed Natasha
  1373 | D:3      | Reached XP level 5. HP: 34/49 MP: 4/4
  1441 | D:3      | Found a shattered altar of Ashenzari.
  1520 | D:3      | Found a shimmering altar of Xom.
  1596 | D:3      | Reached skill level 3 in Unarmed Combat
  1999 | D:3      | Found a blossoming altar of Fedhas.
  2021 | D:3      | Found a sacrificial altar of Ru.
  2078 | D:3      | Reached * piety under Okawaru
  2082 | D:3      | Reached skill level 1 in Invocations
  2222 | D:3      | Reached XP level 6. HP: 58/59 MP: 5/5
  2779 | D:4      | Found a bloodstained altar of Trog.
  2779 | D:4      | Noticed a moth of wrath
  3209 | D:4      | Noticed Duvessa
  3209 | D:4      | Noticed Dowan
  3226 | D:4      | Killed Duvessa
  3226 | D:4      | Reached XP level 7. HP: 45/66 MP: 4/7
  3251 | D:4      | Killed Dowan
  3251 | D:4      | Reached skill level 4 in Unarmed Combat
  3465 | D:5      | Entered Level 5 of the Dungeon
  3611 | D:5      | Found a stormy altar of Qazlal.
  3633 | D:5      | Found an opulent altar of Gozag.
  3856 | D:5      | Reached ** piety under Okawaru
  3887 | D:5      | Found an ancient bone altar of Kikubaaqudgha.
  4024 | D:5      | Reached XP level 8. HP: 62/76 MP: 9/9
  4339 | D:6      | Reached skill level 5 in Unarmed Combat
  5519 | D:7      | Reached skill level 5 in Dodging
  5606 | D:7      | Reached *** piety under Okawaru
  5658 | D:6      | Reached XP level 9. HP: 41/85 MP: 11/11
  5881 | D:7      | Found a staircase to the Ecumenical Temple.
  6219 | D:8      | Reached skill level 6 in Unarmed Combat
  6267 | D:8      | Identified the Compendium of Frigorific Evil Rites
  6303 | D:8      | Noticed Pikel
  6315 | D:8      | Killed Pikel
  6315 | D:8      | Reached skill level 5 in Fighting
  6479 | D:8      | Reached **** piety under Okawaru
  6536 | D:8      | Reached skill level 5 in Invocations
  6605 | D:8      | Got an ancient rapier
  6756 | D:8      | Noticed a hill giant
  6762 | D:8      | Killed a hill giant
  6762 | D:8      | Received a gift from Okawaru
  6781 | D:8      | Reached skill level 5 in Throwing
  6781 | D:8      | Reached XP level 10. HP: 73/97 MP: 10/13
  7297 | D:9      | Reached skill level 7 in Unarmed Combat
  7435 | D:9      | Found a sacrificial altar of Ru.
  7467 | D:9      | Reached ***** piety under Okawaru
  7468 | D:9      | Noticed Grum
  7479 | D:9      | Received a gift from Okawaru
  7479 | D:9      | Reached skill level 1 in Evocations
  7660 | D:9      | Found an iron altar of Okawaru.
  7661 | D:9      | Noticed a deep elf mage
  7670 | D:9      | Noticed a sun demon
  7671 | D:9      | Killed a deep elf mage
  7671 | D:9      | Reached skill level 1 in Armour
  7831 | D:9      | Found a white marble altar of Elyvilon.
  7831 | D:9      | Found a sparkling altar of Nemelex Xobeh.
  7860 | D:9      | Noticed a cyclops
  7873 | D:9      | Killed a cyclops
  7957 | D:9      | Killed Grum
  8258 | D:10     | Entered Level 10 of the Dungeon
  8263 | D:10     | Reached skill level 8 in Unarmed Combat
  8263 | D:10     | Reached XP level 11. HP: 101/107 MP: 14/14
  8286 | D:10     | Noticed a hill giant
  8291 | D:10     | Killed a hill giant
  8741 | D:10     | Got a ripped robe
  8752 | D:10     | Identified the cursed +0 robe of Contentment {rC++} (You found it on level 10 of the Dungeon)
  8777 | D:10     | Found a flagged portal.
  8791 | Bailey   | Entered a bailey
  9208 | Bailey   | Noticed an orc warlord
  9216 | Bailey   | Noticed an orc knight
  9238 | Bailey   | Killed an orc warlord
  9246 | Bailey   | Killed an orc knight
  9533 | D:10     | Identified the +8 rapier of the Mouth {flame, rF+ Int+6} (You found it on level 8 of the Dungeon)
  9651 | D:10     | Received a gift from Okawaru
  9668 | D:10     | Reached skill level 9 in Unarmed Combat
 10298 | D:11     | Found Veradug's Distillery.
 10313 | D:11     | Found Lofidghet's General Store.
 10315 | D:11     | Bought 2 potions of heal wounds for 160 gold pieces
 10315 | D:11     | Bought a potion of might for 64 gold pieces
 10322 | D:11     | Bought a potion of flight for 36 gold pieces
 10340 | D:11     | Noticed a six-headed hydra
 10354 | D:11     | Killed a six-headed hydra
 10372 | D:11     | Found Xeneu's Food Emporium.
 10406 | D:11     | Found a labyrinth entrance.
 10411 | Lab      | Entered a labyrinth
 13143 | Lab      | Noticed a minotaur
 13156 | Lab      | Killed a minotaur
 13156 | Lab      | Received a gift from Okawaru
 13215 | D:11     | Identified a +6 rod of ignition (12/12) (You found it in a labyrinth)
 13229 | D:11     | Found a staircase to the Lair.
 13317 | D:11     | Found Gotoicue's Weapon Shop.
 13402 | D:11     | Noticed a hill giant
 13409 | D:11     | Killed a hill giant
 13409 | D:11     | Reached XP level 12. HP: 119/119 MP: 15/15
 13501 | D:11     | Found a staircase to the Orcish Mines.
 13651 | D:11     | Found Ridoz's Assorted Antiques.
 13656 | D:11     | Bought a scroll of identify for 66 gold pieces
 13656 | D:11     | Bought a lumpy silvery potion for 29 gold pieces
 13656 | D:11     | Bought a pink potion for 29 gold pieces
 13719 | Lair:1   | Entered Level 1 of the Lair of Beasts
 13792 | Lair:1   | Received a gift from Okawaru
 14091 | Lair:1   | Reached skill level 5 in Armour
 14459 | Lair:1   | Noticed a four-headed hydra
 14472 | Lair:1   | Killed a four-headed hydra
 14523 | Lair:1   | You fall through a shaft!
 14548 | Lair:2   | Received a gift from Okawaru
 14810 | Lair:2   | Reached skill level 5 in Evocations
 14887 | Lair:2   | Found a staircase to the Snake Pit.
 14887 | Lair:2   | Noticed Erica
 14897 | Lair:2   | Killed Erica
 14940 | Lair:2   | Reached skill level 10 in Unarmed Combat
 14983 | Lair:2   | Found a staircase to the Swamp.
 15043 | Lair:2   | Identified the Grimoire of Boosting Shape Shifting
 15740 | Lair:3   | Found a shattered altar of Ashenzari.
 16177 | Lair:3   | Gained mutation: You occasionally shout uncontrollably at your foes. [potion of mutation]
 16177 | Lair:3   | Gained mutation: You are weak. (Str -2) [potion of mutation]
 16177 | Lair:3   | Lost mutation: You are weak. (Str -2) [potion of mutation]
 16180 | Lair:3   | Reached XP level 13. HP: 128/128 MP: 16/16
 16181 | Lair:3   | Reached skill level 10 in Dodging
 16181 | Lair:3   | Reached XP level 14. HP: 137/137 MP: 17/17
 16372 | Lair:3   | Noticed Gastronok
 16388 | Lair:3   | Killed Gastronok
 16448 | Lair:4   | Reached XP level 15. HP: 108/145 MP: 18/18
 16574 | Lair:4   | Lost mutation: You occasionally shout uncontrollably at your foes. [potion of cure mutation]
 16575 | Lair:4   | Gained mutation: You possess an exceptional clarity of mind. [potion of beneficial mutation]
 16577 | Lair:4   | Gained mutation: You are resistant to hostile enchantments. (MR+) [potion of beneficial mutation]
 17111 | Lair:4   | Received a gift from Okawaru
 17494 | Lair:5   | Noticed Rupert
 17506 | Lair:5   | Killed Rupert
 17539 | Lair:5   | Noticed Kirke
 17556 | Lair:5   | Killed Kirke
 17556 | Lair:5   | Reached ****** piety under Okawaru
 17650 | Lair:5   | Reached skill level 11 in Unarmed Combat
 17749 | Lair:5   | Received a gift from Okawaru
 17751 | Lair:5   | Got a dazzling morningstar {god gift}
 17754 | Lair:5   | Identified the +5 morningstar "Azxaucho" {chaos, Int+2} (Okawaru gifted it to you on level 5 of the Lair of Beasts)
 18383 | Lair:6   | Entered Level 6 of the Lair of Beasts
 18958 | Lair:6   | Received a gift from Okawaru
 19105 | Lair:6   | Reached skill level 10 in Fighting
 19117 | Lair:6   | Found a large runed door.
 19118 | Lair:6   | Found a large runed door.
 19207 | Lair:6   | Found a staircase to the Slime Pits.
 19481 | Lair:6   | Reached skill level 12 in Unarmed Combat
 19810 | D:12     | Noticed Harold
 19827 | D:12     | Killed Harold
 19938 | D:12     | Received a gift from Okawaru
 20458 | D:12     | Noticed Sonja
 20464 | D:12     | Killed Sonja
 20566 | D:12     | Gained mutation: You have large cloven feet. [potion of beneficial mutation]
 20616 | D:12     | Found Meuluqiu's Magic Scroll Emporium.
 20713 | D:13     | Noticed Maurice
 20744 | D:13     | Killed Maurice
 21414 | D:14     | Upgraded the game from 0.20-a0-267-g4a7ec2a to 0.20-a0-268-gb6bde61
 21550 | D:14     | Reached XP level 16. HP: 146/159 MP: 20/20
 21668 | D:14     | Found a gate to the Vaults.
 22401 | D:15     | Entered Level 15 of the Dungeon
 22437 | D:15     | Noticed Borgoz's ghost (adept TrMo)
 22453 | D:15     | Killed Borgoz's ghost
 22453 | D:15     | Received a gift from Okawaru
 22685 | D:15     | Reached skill level 13 in Unarmed Combat
 22707 | D:15     | Found a staircase to the Depths.
 22765 | D:15     | Got a brightly glowing buckler
 23211 | D:15     | Received a gift from Okawaru
 23681 | Orc:1    | Entered Level 1 of the Orcish Mines
 23738 | Orc:1    | Reached skill level 1 in Shields
 23950 | Orc:2    | Entered Level 2 of the Orcish Mines
 23950 | Orc:2    | Found a shimmering altar of Xom.
 24676 | Orc:2    | Learned a level 2 spell: Blink
 24715 | Orc:2    | Found a staircase to the Elven Halls.
 25315 | Orc:2    | Reached skill level 5 in Shields
 25488 | Orc:2    | Found Ujaife Daerch's Antique Weapon Boutique.
 25491 | Orc:2    | Found Tesuneiz's Assorted Antiques.
 25492 | Orc:2    | Found Ketzey's Distillery.
 25493 | Orc:2    | Found Dodoply's Antique Armour Shop.
 25503 | Orc:2    | Bought brightly glowing quicksilver dragon scales for 1755 gold pieces
 25518 | Orc:2    | Identified the quicksilver dragon scales of Ogeoj {rElec rC+ MR+ rCorr} (You bought it in a shop on level 2 of the Orcish Mines)
 25696 | Swamp:1  | Entered Level 1 of the Swamp
 25925 | Swamp:1  | Noticed Donald
 25938 | Swamp:1  | Killed Donald
 26066 | Swamp:1  | Reached XP level 17. HP: 153/170 MP: 21/21
 26781 | Swamp:2  | Noticed Roxanne
 27167 | Swamp:2  | Received a gift from Okawaru
 27504 | Swamp:2  | Killed Roxanne
 27505 | Swamp:2  | Identified Roxanne's Collected Works on Stones (You took it off Roxanne on level 2 of the Swamp)
 27898 | Swamp:3  | Received a gift from Okawaru
 28112 | Swamp:3  | Got a brightly glowing wooden ring
 28147 | Swamp:3  | Identified the ring "Xexitt" {rC+ Stlth+} (You found it on level 3 of the Swamp)
 28424 | Swamp:4  | Entered Level 4 of the Swamp
 28518 | Swamp:4  | Reached skill level 1 in Translocations
 28884 | Swamp:4  | Reached skill level 10 in Armour
 28895 | Swamp:4  | Reached skill level 1 in Spellcasting
 29820 | Swamp:4  | Got a decaying rune of Zot
 30292 | Snake:1  | Entered Level 1 of the Snake Pit
 30610 | Snake:1  | Received a gift from Okawaru
 30611 | Snake:1  | Got an ancient rapier {god gift}
 30620 | Snake:1  | Identified the +5 rapier of the Boar {flame, +Rage rC+ Int+2 Stlth-} (Okawaru gifted it to you on level 1 of the Snake Pit)
 31046 | Snake:1  | Reached XP level 18. HP: 152/182 MP: 22/22
 31188 | Snake:1  | Reached skill level 14 in Unarmed Combat
 31715 | Snake:2  | Received a gift from Okawaru
 31876 | Snake:2  | Identified the Grimoire of Stones
 32114 | Snake:2  | Noticed Vashnia
 32136 | Snake:2  | Killed Vashnia
 33326 | Snake:4  | Entered Level 4 of the Snake Pit
 33763 | Snake:4  | Found a frozen archway.
 33769 | IceCv    | Entered an ice cave
 33787 | IceCv    | Received a gift from Okawaru
 34113 | IceCv    | Noticed an Ice Fiend
 34169 | IceCv    | Killed an Ice Fiend
 34957 | Snake:4  | Received a gift from Okawaru
 34999 | Snake:4  | Received a gift from Okawaru
 35008 | Snake:4  | Reached XP level 19. HP: 47/191 MP: 20/24
 35011 | Snake:4  | Got a faintly humming robe {god gift}
 35269 | Snake:4  | Identified the +4 robe of Qoffeaj {Int+6} (Okawaru gifted it to you on level 4 of the Snake Pit)
 35491 | Snake:4  | Reached skill level 10 in Throwing
 35580 | Snake:4  | Reached skill level 15 in Unarmed Combat
 35774 | Snake:4  | Noticed a Brimstone Fiend
 36291 | Snake:4  | Killed a Brimstone Fiend
 36474 | Snake:4  | Got a serpentine rune of Zot
 36992 | Slime:1  | Entered Level 1 of the Pits of Slime
 37042 | Lair:6   | Received a gift from Okawaru
 37609 | Slime:2  | Received a gift from Okawaru
 37863 | Slime:5  | Entered Level 5 of the Pits of Slime
 37876 | Slime:5  | Gained mutation: You have a somewhat thin skeletal structure. (Dex +2, Stealth) [a shining eye]
 37880 | Slime:5  | Gained mutation: You are clumsy. (Dex -2) [a shining eye]
 38353 | Slime:5  | Reached XP level 20. HP: 134/202 MP: 25/25
 38491 | Slime:5  | Gained mutation: You are weak. (Str -2) [a shining eye]
 38524 | Slime:5  | Gained mutation: You are very weak. (Str -4) [a shining eye]
 38559 | Slime:5  | Lost mutation: You possess an exceptional clarity of mind. [a shining eye]
 38587 | Slime:5  | Gained mutation: Your spells are a little easier to cast, but a little less powerful. [a shining eye]
 38592 | Slime:5  | Gained mutation: Your magical capacity is low. (-10% MP) [a shining eye]
 38593 | Slime:5  | Lost mutation: You are clumsy. (Dex -2) [a shining eye]
 38621 | Slime:5  | Gained mutation: You are frail. (-10% HP) [a shining eye]
 38628 | Slime:5  | Gained mutation: Your magical capacity is very low. (-20% MP) [a shining eye]
 38632 | Slime:5  | Noticed the Royal Jelly
 38731 | Slime:5  | Demolished by a titanic slime creature

Vault maps used:
D:1:      lemuel_arrival_river_passageway, hangedman_decor_clover_reticule
D:2:      bloody_makhleb, okawaru_gym_becter, lemuel_round_altar, uniq_iyjb,
          uniq_natasha, uniq_sigmund
D:3:      lemuel_upstairs_altar, old_standard_altar, old_standard_altar,
          lemuel_doored_altar, nicolae_ashenzari_panopticon
D:4:      tgw_trog, first_bread, uniq_duvessa
D:5:      overflow_temple_1_default, nicolae_qazlal_general_emergency,
          kennysheep_mini, nrook_pool_corridor
D:8:      grunt_livestock, uniq_pikel
D:9:      gammafunk_temple_overflow_elements, basic_altar,
          david_defended_altar_elf, uniq_grum
D:10:     enter_bailey_3
D:11:     lair_entry_dummy, erik_orc_1, lab_entry_generic, serial_shops,
          nicolae_shop_temple_entry_statues_fountains, nicolae_shop_crystal,
          shop_fountains, shop, kennysheep_little_box
D:12:     serial_shops, nicolae_shop_trees, uniq_sonja, uniq_harold
D:13:     uniq_maurice
D:14:     grunt_vaults_entry_tiered, minmay_misc_feat_more_columns,
          hangedman_decor_points
D:15:     hangedman_depths_entry_civil_slaughter,
          roderic_lattice_octagonal_star, minmay_misc_feat_pillars
Lair:2:   swamp_mist, guppyfry_snake_entry_garden, serial_forest,
          infiniplex_forest_lined_3, infiniplex_forest_3_way,
          infiniplex_forest_corner_1, infiniplex_forest_end_2,
          infiniplex_forest_lined_3, infiniplex_forest_zigzag_2,
          infiniplex_forest_lined_1, infiniplex_forest_lined_ring,
          infiniplex_forest_clump_double, infiniplex_forest_end_2,
          serial_bayou_shore_b, uniq_erica
Lair:3:   basic_altar, uniq_gastronok
Lair:5:   dpeg_oklob_1, uniq_rupert, uniq_kirke
Lair:6:   cheibrodos_lair_end_hotspot, nicolae_slime_entry_slimehenge
Swamp:1:  hangedman_swamp_ruin_wall, uniq_donald
Swamp:2:  nicolae_swamp_triple_paths, infiniplex_staircase_pool, uniq_roxanne
Swamp:3:  evilmike_swamp_ruin_house_1, swamp_pool2
Swamp:4:  swamp_alternative
Snake:1:  cheibrodos_snake_ritualist_ritual
Snake:2:  nicolae_sea_snake_s, grunt_ministairs_10, uniq_vashnia
Snake:3:  nicolae_snake_single_loop, serial_bayou_shore_b,
          basic_stair_grate_trap
Snake:4:  snake_pit_salamanders_mu, portal_ice_cave_entry_horrid_things
Orc:2:    st_orc_pillars, special_room, basic_altar, guppyfry_library_mini
Bailey:   bailey_axe_minmay_hex_keep, bailey
IceCv:    ice_cave_caverns_03

Skill      XL: |  1  2  3  4  5  6  7  8  9 10 11 12 13 14 15 16 17 18 19 |
---------------+----------------------------------------------------------+-----
Unarmed Combat | 1 2 3 4 5 6 8 9 10 12 13 14 15 | 15.8
Dodging        | 2 3 4 5 6 9 10 11 | 11.0
Fighting       | 1 2 3 4 5 6 7 8 10 11 12 13 | 13.2
Invocations    | 1 2 3 4 5 6 7 8 |  8.8
Throwing       | 3 5 6 7 8 9 11 | 11.3
Evocations     | 2 4 5 6 7 8 |  8.4
Armour         | 1 4 6 8 9 10 11 12 | 12.2
Shields        | 6 9 |  9.1
Translocations | 2 |  2.7
Spellcasting   | 2 |  2.2
Polearms       | |  1.0
Stealth        | |  1.0
Transmutations | |  1.0
Earth Magic    | |  1.7

Action                   |  1- 3 |  4- 6 |  7- 9 | 10-12 | 13-15 | 16-18 | 19-21 || total
-------------------------+-------+-------+-------+-------+-------+-------+-------++-------
Melee: Unarmed           |    84 |   208 |   308 |   758 |   776 |  2495 |   804 ||  5433
       Punch             |       |     4 |     6 |    38 |    65 |    25 |       ||   138
       Rapier            |       |       |       |    15 |     7 |       |       ||    22
       Kick              |       |       |       |       |    70 |   853 |   356 ||  1279
 Fire: Blowgun           |       |       |       |       |       |       |     5 ||     5
Throw: Stone             |       |     2 |     4 |       |       |       |       ||     6
       Tomahawk          |       |       |     1 |     4 |     7 |    40 |       ||    52
       Large rock        |       |       |       |    13 |     6 |    33 |    13 ||    65
       Javelin           |       |       |       |     6 |       |    16 |    50 ||    72
       Throwing net      |       |       |       |       |     1 |       |       ||     1
 Cast: Blink             |       |       |       |       |       |       |     1 ||     1
Invok: Heroism           |       |     3 |     6 |    21 |    11 |    43 |    16 ||   100
       Finesse           |       |       |       |     2 |       |     5 |     3 ||    10
 Abil: Evoke Invisibilit |       |       |       |     3 |       |     2 |       ||     5
Evoke: Wand              |       |       |     4 |    23 |     9 |    24 |     8 ||    68
       Rod               |       |       |       |     2 |     8 |     2 |       ||    12
       Phial of floods   |       |       |       |     1 |     1 |     3 |     2 ||     7
       Box of beasts     |       |       |       |       |       |       |     2 ||     2
       Phantom mirror    |       |       |       |       |       |       |     1 ||     1
  Use: Scroll            |       |     4 |     8 |    12 |     6 |    15 |     6 ||    51
       Potion            |       |       |     1 |    11 |    10 |     8 |     4 ||    34
 Stab: Sleeping          |     2 |     2 |     1 |     5 |     1 |     1 |       ||    12
       Distracted        |       |       |     1 |       |       |     3 |       ||     4
       Invisible         |       |       |       |     8 |     1 |     5 |       ||    14
       Paralysed         |       |       |       |       |     3 |       |       ||     3
       Confused          |       |       |       |       |       |     3 |       ||     3
  Eat: Chunk             |    10 |    25 |    23 |    65 |    58 |   109 |    17 ||   307
       Beef jerky        |       |       |     1 |     1 |       |       |       ||     2
       Bread ration      |       |       |     1 |     3 |       |     3 |     3 ||    10
       Pizza             |       |       |     1 |       |       |       |       ||     1
       Royal jelly       |       |       |       |     2 |       |       |       ||     2
       Fruit             |       |       |       |     2 |       |       |       ||     2
       Meat ration       |       |       |       |     2 |     1 |     2 |       ||     5
Armor: Robe              |    28 |    87 |    64 |    51 |       |     1 |       ||   231
       Skin              |       |       |     5 |     3 |       |       |       ||     8
       Troll leather arm |       |       |       |   115 |   228 |   211 |       ||   554
       Quicksilver drago |       |       |       |       |       |   395 |   212 ||   607
       Swamp dragon scal |       |       |       |       |       |     6 |       ||     6
Dodge: Dodged            |    28 |   100 |   140 |   341 |   453 |  1078 |   317 ||  2457
Block: Shield            |       |       |       |       |       |  1275 |   557 ||  1832
       Reflection        |       |       |       |       |       |    88 |    29 ||   117
